 Dungeon Crawl Stone Soup version 0.27-a0-631-g2d681adce0 (webtiles) character file.

Game seed: 6069263830740005741

39 inc the Scratcher (level 3, -1/17 HPs)
             Began as a Felid Chaos Knight on Mar 13, 2021.
             Was a Plaything of Xom.
             Slain by a quasit (2 damage)
             ... summoned by Xom
             ... on level 1 of the Dungeon.
             The game lasted 00:01:48 (772 turns).

inc the Scratcher (Felid Chaos Knight)               Turns: 772, Time: 00:01:49

Health: -1/17      AC:  1    Str:  8      XL:     3   Next: 26%
Magic:  4/4        EV: 17    Int: 13      God:    Xom [.....*]
Gold:   93         SH:  0    Dex: 15 (16) Spells: 2/2 levels left
                                        Lives:  0   Deaths: 0

rFire    . . .     SeeInvis +     - Unarmed
rCold    . . .     Faith    .   (shield unavailable)
rNeg     . . .     Spirit   .   (armour unavailable)
rPois    .         Reflect  .   (helmet unavailable)
rElec    .         Harm     .   (cloak unavailable)
rCorr    .         Rampage  .   (gloves unavailable)
Will     .....                  (boots unavailable)
Stlth    ++........             (no amulet)
HPRegen  0.05/turn              (no ring)
MPRegen  0.09/turn              (no ring)

@: mighty, quick
A: very small, claws 1, fangs 3, see invisible, speed 1, shaggy fur 1, stealthy
paws, no weapons or thrown items, no armour, multi-lived
a: Renounce Religion


You were on level 1 of the Dungeon.
You worshipped Xom.
You were Xom's teddy bear.
You visited 1 branch of the dungeon, and saw 2 of its levels.

You collected 93 gold pieces.

Inventory:

Jewellery
 d - a ring of see invisible
Scrolls
 a - a scroll of random uselessness {unknown}
 c - 5 scrolls of identify {unknown}
Potions
 e - a potion of ambrosia {unknown}


   Skills:
 - Level 3.0 Fighting
 - Level 3.2 Dodging
 + Level 1.8 Stealth
 * Level 4.1 Unarmed Combat


You had 2 spell levels left.
You didn't know any spells.
Your spell library was empty.

Dungeon Overview and Level Annotations

Branches:
Dungeon (2/15)

Altars:

Annotations:
D:2 Robin


Innate Abilities, Weirdness & Mutations

You have sharp claws.
You have razor-sharp teeth.
You have supernaturally acute eyesight. (SInv)
You cover ground quickly. (Speed+)
You are covered in fur. (AC +1)
Your stealthy paws help you sneak and pounce on unaware monsters.
You are incapable of wielding weapons or throwing items.
You cannot wear armour.
You gain extra lives every three experience levels.


Message History

You scratch the giant cockroach.
The giant cockroach is severely wounded.
The giant cockroach closely misses you.
You scratch the giant cockroach.
You kill the giant cockroach!
You claw the goblin!
You kill the goblin!
Robin of the Strong Arm comes into view.
They are wielding a +0 club and wearing a +0 helmet of intelligence.
Robin shouts!
You scratch the quokka but do no damage.
You hear a shout! x2
The quokka completely misses you. Robin throws the goblin at you!
You completely miss the goblin. The quokka bites you. The goblin misses you.
You scratch the goblin.
You kill the goblin!
The quokka bites you.
A kobold comes into view. It is wielding a +0 whip.
The kobold shouts!
You hear a shout!
You hear an angry hiss.
There is a stone staircase leading up here.
Things that are here:
a +0 dagger; a goblin corpse; a bat corpse The quokka bites you.
* * * LOW HITPOINT WARNING * * *
You climb upwards.
There is a stone staircase leading down here.
You barely miss the quokka. Your bite misses the quokka. The quokka bites you.
* * * LOW HITPOINT WARNING * * *
The quasit completely misses you. The quasit misses you.
The quasit claws you but does no damage.
The quokka completely misses you. The quasit closely misses you.
The quasit claws you but does no damage.
The quasit claws you.
* * * LOW HITPOINT WARNING * * *
You feel clumsy.
Okay, then.
It was a potion of might.
You feel very mighty all of a sudden.
Xom thinks this is hilarious!
The quokka misses you. The quasit closely misses you. The quasit claws you.
You die...

#.#.#.## #.###)##.8#.#.##.##.##
#..###.###......8##.##.##.##.#
....#......#..##.##8.).##.##.####
####.#####.##.#.#8.##.###.#......
#.# #.##)###.#[#..##.#..####
#.#####.##...5.###.....#..#
#............5......####..#
#######.#######.....####..#
#.....r@55..........##
##################...### #......>
##...### ##.## ###


You could see a quasit (summoned), a shadow imp (summoned) and a quokka.

Vanquished Creatures
  A dart slug (D:1)
  A leopard gecko (D:1)
  2 giant cockroaches
  10 goblins
  5 hobgoblins
  3 kobolds (D:1)
  A ball python (D:1)
  4 bats
  A frilled lizard (D:1)
  3 rats (D:1)
31 creatures vanquished.

Notes
Turn   | Place    | Note
-------+----------+-------------------------------------------
     0 | D:1      | inc the Felid Chaos Knight began the quest for the Orb.
     0 | D:1      | Reached XP level 1. HP: 10/10 MP: 2/2
   119 | D:1      | Reached XP level 2. HP: 14/14 MP: 3/3
   245 | D:1      | Reached skill level 1 in Stealth
   395 | D:1      | XOM is BORED!
   638 | D:1      | Reached skill level 4 in Unarmed Combat
   724 | D:1      | XOM: summons 2 hostile demons
   741 | D:2      | Reached XP level 3. HP: 17/17 MP: 4/4
   764 | D:2      | Noticed Robin
   772 | D:1      | Slain by a quasit

Illustrated notes

Levels and vault maps discovered:
D:1:      lemuel_arrival_rhombus, layout_loops_ring, minmay_heptomino_o4
D:2:      layout_basic, corner_web_ring, uniq_robin

Skill      XL: |  1  2 |
---------------+-------+-----
Stealth        | 1 |  1.8
Unarmed Combat | 4 |  4.1
Fighting       | |  3.0
Dodging        | |  3.2

Action                   || total
-------------------------++-------
Melee: Unarmed           ||    84
       Bite              ||     6
       Punch             ||     1
  Use: Potion            ||     1
 Stab: Sleeping          ||     4
Armor: Skin              ||     7
Dodge: Dodged            ||    71

Table legend: (Time is in decaauts)
 A = Elapsed time spent in this place.
 B = Non-inter-level travel time spent in this place.
 C = Inter-level travel time spent in this place.
 D = Time resting spent in this place.
 E = Time spent auto-exploring this place.
 F = Levels seen in this place.
 G = Mean time per level.
                   A        B        C        D        E       F      G
               +--------+--------+--------+--------+--------+-----+--------+
         Total |    651 |    651 |      0 |      0 |    412 |   2 |  325.5 |
       Dungeon |    651 |    651 |      0 |      0 |    412 |   2 |  325.5 |
               +--------+--------+--------+--------+--------+-----+--------+

Top non-repeatable levels by time:
     D:1: 622 daAuts
     D:2: 29 daAuts
